PBL
MADISON BREWERS @ MIAMI BEACH MARLINS
07/15/2048
 
TOP OF THE 1ST
Madison Brewers batting - Pitching for Miami Beach Marlins : RHP Cliff Peters
Pitching: RHP Cliff Peters
Batting: LHB Andy Buschlen 0-0: Bunt for hit to 15 - play at first, batter safe!
Batting: LHB Jose Simental 0-0: Foul Ball, location: 2F
0-1: Foul Ball, location: 2F
0-2: Fielders Choice at 2nd, 4-6 (Groundball, 4, EV 76.2 MPH)
Batting: LHB Bill Kovac 0-0: Ball
1-0: Called Strike
Jose Simental is caught stealing 2nd base 2-6
1-1: Ball
2-1: DOUBLE (Flyball, 8LXD, EV 95.0 MPH)
Batting: RHB Jelani Griffin 0-0: Foul Ball, location: 2F
0-1: Ball
1-1: Ground out 1-3 (Groundball, 13S, EV 71.2 MPH)
Top of the 1st over - 0 runs, 2 hits, 0 errors, 1 left on base; Madison 0 - Miami Beach 0
BOTTOM OF THE 1ST
Miami Beach Marlins batting - Pitching for Madison Brewers : RHP Jayden Whittick
Pitching: RHP Jayden Whittick
Batting: RHB Jim Smallwood 0-0: Ground out 4-3 (Groundball, 4, EV 90.0 MPH)
Batting: RHB Corbin Chauvin 0-0: Ball
1-0: Foul Ball, location: 2F
1-1: Ball
2-1: Ball
3-1: SINGLE (Groundball, 25, EV 71.9 MPH) (infield hit)
Batting: RHB Scott Talbot 0-0: Ball
1-0: DOUBLE (Line Drive, 89XD, EV 111.9 MPH)
Corbin Chauvin to third
Batting: SHB Emmet Brickowski 0-0: Ball
1-0: Fly out, F6 (Popup, 6M, EV 61.9 MPH)
Batting: LHB Henry Huezo 0-0: Ball
1-0: Foul Ball, location: 2F
1-1: Fly out, F9 (Flyball, 89M, EV 82.5 MPH)
Bottom of the 1st over - 0 runs, 2 hits, 0 errors, 2 left on base; Madison 0 - Miami Beach 0
TOP OF THE 2ND
Madison Brewers batting - Pitching for Miami Beach Marlins : RHP Cliff Peters
Batting: LHB Tony Hasbun 0-0: Ball
1-0: Called Strike
1-1: Swinging Strike
1-2: Strikes out swinging
Batting: RHB Frank Pena 0-0: Ball
1-0: Ball
2-0: Fly out, F8 (Flyball, 89M, EV 81.9 MPH)
Batting: RHB Fernando Mejia 0-0: Ball
1-0: Fly out, F8 (Flyball, 8LS, EV 94.4 MPH)
Top of the 2nd over - 0 runs, 0 hits, 0 errors, 0 left on base; Madison 0 - Miami Beach 0
BOTTOM OF THE 2ND
Miami Beach Marlins batting - Pitching for Madison Brewers : RHP Jayden Whittick
Batting: RHB Josh Jones 0-0: Ground out U3 (Groundball, 3L, EV 96.9 MPH)
Batting: RHB Torquato Uso 0-0: Called Strike
0-1: Ground out 5-3 (Groundball, 5L, EV 82.5 MPH)
Batting: RHB Francisco Valenzuela 0-0: Ground out 5-3 (Groundball, 5S, EV 75.6 MPH)
Bottom of the 2nd over - 0 runs, 0 hits, 0 errors, 0 left on base; Madison 0 - Miami Beach 0
TOP OF THE 3RD
Madison Brewers batting - Pitching for Miami Beach Marlins : RHP Cliff Peters
Batting: RHB Malcolm McCauley 0-0: Ball
1-0: Called Strike
1-1: Ball
2-1: Foul Ball, location: 2F
2-2: Foul Ball, location: 2F
2-2: Ground out 4-3 (Groundball, 4, EV 80.6 MPH)
Batting: RHB Kelan Rae 0-0: Called Strike
0-1: Fly out, F3 (Popup, 3SF, EV 86.2 MPH)
Batting: LHB Andy Buschlen 0-0: Ball
1-0: Called Strike
1-1: SINGLE (Groundball, 56S, EV 68.1 MPH) (infield hit)
Batting: LHB Jose Simental 0-0: Called Strike
0-1: Swinging Strike
0-2: Ball
1-2: Ball
2-2: Ball
3-2: Strikes out looking
Top of the 3rd over - 0 runs, 1 hit, 0 errors, 1 left on base; Madison 0 - Miami Beach 0
BOTTOM OF THE 3RD
Miami Beach Marlins batting - Pitching for Madison Brewers : RHP Jayden Whittick
Batting: RHB Hektor Luvian 0-0: Swinging Strike
0-1: Ball
1-1: Foul Ball, location: 2F
1-2: Strikes out swinging
Batting: RHB Jim Smallwood 0-0: Ground out 6-3 (Groundball, 6, EV 97.5 MPH)
Batting: RHB Corbin Chauvin 0-0: Ball
1-0: Ball
2-0: Called Strike
2-1: Swinging Strike
2-2: Ball
3-2: Fly out, F8 (Line Drive, 8LM, EV 94.4 MPH)
Bottom of the 3rd over - 0 runs, 0 hits, 0 errors, 0 left on base; Madison 0 - Miami Beach 0
TOP OF THE 4TH
Madison Brewers batting - Pitching for Miami Beach Marlins : RHP Cliff Peters
Batting: LHB Bill Kovac 0-0: Foul Ball, location: 2F
0-1: Called Strike
0-2: Ball
1-2: Strikes out swinging
Batting: RHB Jelani Griffin 0-0: Ball
1-0: Ball
2-0: Foul Ball, location: 2F
2-1: Foul Ball, location: 2F
2-2: Strikes out swinging
Batting: LHB Tony Hasbun 0-0: Called Strike
0-1: Called Strike
0-2: Fly out, F8 (Flyball, 8LM, EV 83.1 MPH)
Top of the 4th over - 0 runs, 0 hits, 0 errors, 0 left on base; Madison 0 - Miami Beach 0
BOTTOM OF THE 4TH
Miami Beach Marlins batting - Pitching for Madison Brewers : RHP Jayden Whittick
Batting: RHB Scott Talbot 0-0: Called Strike
0-1: Ball
1-1: Ball
2-1: SOLO HOME RUN (Flyball, 7D, EV 98.8 MPH), Distance : 387 ft
Batting: SHB Emmet Brickowski 0-0: Ball
1-0: Ball
2-0: Ball
3-0: Called Strike
3-1: Fly out, F5 (Line Drive, 5, EV 70.6 MPH)
Batting: LHB Henry Huezo 0-0: Called Strike
0-1: Ball
1-1: Called Strike
1-2: Ball
2-2: Strikes out swinging
Batting: RHB Josh Jones 0-0: Called Strike
0-1: Fly out, F8 (Flyball, 8RD, EV 94.4 MPH)
Bottom of the 4th over - 1 run, 1 hit, 0 errors, 0 left on base; Madison 0 - Miami Beach 1
TOP OF THE 5TH
Madison Brewers batting - Pitching for Miami Beach Marlins : RHP Cliff Peters
Batting: RHB Frank Pena 0-0: Ball
1-0: Ball
2-0: Ground out 5-3 (Groundball, 56S, EV 81.9 MPH)
Batting: RHB Fernando Mejia 0-0: Fly out, F9 (Flyball, 89S, EV 80.6 MPH)
Batting: RHB Malcolm McCauley 0-0: Ball
1-0: Fly out, F8 (Flyball, 8LD, EV 73.8 MPH)
Top of the 5th over - 0 runs, 0 hits, 0 errors, 0 left on base; Madison 0 - Miami Beach 1
BOTTOM OF THE 5TH
Miami Beach Marlins batting - Pitching for Madison Brewers : RHP Jayden Whittick
Batting: RHB Torquato Uso 0-0: Ball
1-0: Called Strike
1-1: Ball
2-1: Fly out, F7 (Flyball, 7D, EV 90.6 MPH)
Batting: RHB Francisco Valenzuela 0-0: Ball
1-0: Ball
2-0: Ground out 5-3 (Groundball, 56S, EV 68.1 MPH)
Batting: RHB Hektor Luvian 0-0: Ball
1-0: Ball
2-0: Ball
3-0: Called Strike
3-1: Swinging Strike
3-2: Foul Ball, location: 2F
3-2: Ground out 6-3 (Groundball, 6, EV 93.8 MPH)
Bottom of the 5th over - 0 runs, 0 hits, 0 errors, 0 left on base; Madison 0 - Miami Beach 1
TOP OF THE 6TH
Madison Brewers batting - Pitching for Miami Beach Marlins : RHP Cliff Peters
Batting: RHB Kelan Rae 0-0: Ball
1-0: Called Strike
1-1: Ball
2-1: DOUBLE (Flyball, 89D, EV 100.6 MPH)
Batting: LHB Andy Buschlen 0-0: Ball
1-0: Ball
2-0: Ground out U3 (Groundball, 34S, EV 83.1 MPH)
Kelan Rae to third
Batting: LHB Jose Simental 0-0: Squeeze Bunt to 5S - play home, runner scores, batter safe!
Kelan Rae scores
Batting: LHB Bill Kovac 0-0: Foul Ball, location: 2F
0-1: Ball
1-1: Ball
2-1: Ball
3-1: Called Strike
Jose Simental is caught stealing 2nd base 2-6
3-2: Strikes out swinging
Top of the 6th over - 1 run, 1 hit, 0 errors, 0 left on base; Madison 1 - Miami Beach 1
BOTTOM OF THE 6TH
Miami Beach Marlins batting - Pitching for Madison Brewers : RHP Jayden Whittick
Batting: RHB Jim Smallwood 0-0: Fly out, F9 (Line Drive, 9, EV 97.5 MPH)
Batting: RHB Corbin Chauvin 0-0: Foul Ball, location: 2F
0-1: Swinging Strike
0-2: Fly out, F7 (Flyball, 7D, EV 86.9 MPH)
Batting: RHB Scott Talbot 0-0: Called Strike
0-1: Ball
1-1: Ball
2-1: SINGLE (Groundball, 4MD, EV 84.4 MPH) (infield hit)
Batting: SHB Emmet Brickowski 0-0: Ball
1-0: Called Strike
1-1: Foul Ball, location: 2F
1-2: Ball
2-2: Ball
3-2: Foul Ball, location: 2F
3-2: Foul Ball, location: 2F
3-2: Fly out, F8 (Flyball, 8RM, EV 88.1 MPH)
Bottom of the 6th over - 0 runs, 1 hit, 0 errors, 1 left on base; Madison 1 - Miami Beach 1
TOP OF THE 7TH
Madison Brewers batting - Pitching for Miami Beach Marlins : RHP Cliff Peters
Batting: RHB Jelani Griffin 0-0: Ball
1-0: Ball
2-0: Called Strike
2-1: Ball
3-1: Foul Ball, location: 2F
3-2: Base on Balls
Pitching: RHP Freddie Robe
Batting: LHB Tony Hasbun 0-0: Fly out, F8 (Flyball, 8RD, EV 106.9 MPH)
Batting: RHB Frank Pena 0-0: Ball
Jelani Griffin steals 2nd base
1-0: Intentional Walk
Pinch Hitting: LHB Fumito Sakurai 0-0: Ball
1-0: Ball
2-0: Ball
3-0: Called Strike
3-1: Base on Balls
Jelani Griffin to third
Frank Pena to second
Pinch Hitting: RHB Ben Follett 0-0: Ball
1-0: Called Strike
1-1: Swinging Strike
1-2: SINGLE (Groundball, 4MD, EV 105.0 MPH)
Jelani Griffin scores
Frank Pena to third
Fumito Sakurai to second
Runner from 3rd tries for Home, SAFE, throw by CF to home
Batting: LHB Danny Roberts 0-0: Ball
1-0: SINGLE (Line Drive, 56, EV 100.0 MPH)
Fumito Sakurai to third
Ben Follett to second
Pitching: LHP Matt Rielly
Batting: LHB Andy Buschlen 0-0: Ball
1-0: Ball
2-0: Called Strike
2-1: Swinging Strike
2-2: Strikes out swinging
Batting: LHB Jose Simental 0-0: Ball
1-0: Ball
2-0: Called Strike
2-1: Foul Ball, location: 2F
2-2: Foul Ball, location: 2F
2-2: Ball
3-2: SINGLE (Line Drive, 8LS, EV 107.5 MPH)
Fumito Sakurai scores
Ben Follett to third
Danny Roberts to second
Ben Follett scores
Danny Roberts to third
Pinch Hitting: RHB Dustin Pryor 0-0: Fly out, F8 (Flyball, 8RS, EV 92.5 MPH)
Top of the 7th over - 4 runs, 3 hits, 0 errors, 2 left on base; Madison 5 - Miami Beach 1
BOTTOM OF THE 7TH
Miami Beach Marlins batting - Pitching for Madison Brewers : RHP Jayden Whittick
Now at 3B: Noah Peek
Now in LF: Daniel Pena
Now in CF: Sammar Wambugu
Batting: LHB Henry Huezo 0-0: Fly out, F9 (Line Drive, 9S, EV 103.8 MPH)
Pitching: RHP Pat Spry
Batting: RHB Josh Jones 0-0: Called Strike
0-1: Swinging Strike
0-2: Strikes out swinging
Batting: RHB Torquato Uso 0-0: Ball
1-0: Ball
2-0: Called Strike
2-1: Swinging Strike
2-2: Ball
3-2: Fly out, F9 (Line Drive, 89M, EV 94.4 MPH)
Bottom of the 7th over - 0 runs, 0 hits, 0 errors, 0 left on base; Madison 5 - Miami Beach 1
TOP OF THE 8TH
Madison Brewers batting - Pitching for Miami Beach Marlins : LHP Matt Rielly
Pitching: RHP Willie Mojica
Batting: RHB Jelani Griffin 0-0: Called Strike
0-1: Ball
1-1: Ball
2-1: Ball
3-1: Base on Balls
Batting: LHB Tony Hasbun 0-0: Swinging Strike
0-1: Called Strike
0-2: Ball
1-2: Ball
2-2: Foul Ball, location: 2F
2-2: Strikes out swinging
Batting: RHB Frank Pena 0-0: Called Strike
0-1: Ball
1-1: Grounds into double play, 6-4-3 (Groundball, 6, EV 80.6 MPH)
Top of the 8th over - 0 runs, 0 hits, 0 errors, 0 left on base; Madison 5 - Miami Beach 1
BOTTOM OF THE 8TH
Miami Beach Marlins batting - Pitching for Madison Brewers : RHP Pat Spry
Batting: RHB Francisco Valenzuela 0-0: Called Strike
0-1: Ball
1-1: Foul Ball, location: 2F
1-2: Ground out 6-3 (Groundball, 56, EV 94.4 MPH)
Pinch Hitting: LHB Luis Ortegon 0-0: Foul Ball, location: 2F
0-1: TRIPLE (Line Drive, 8RXD, EV 102.5 MPH)
Pinch Hitting: LHB Takao Ogura 0-0: Called Strike
0-1: Foul Ball, location: 2F
0-2: Strikes out looking
Batting: RHB Corbin Chauvin 0-0: Foul Ball, location: 2F
0-1: Ball
1-1: Swinging Strike
1-2: Strikes out swinging
Bottom of the 8th over - 0 runs, 1 hit, 0 errors, 1 left on base; Madison 5 - Miami Beach 1
TOP OF THE 9TH
Madison Brewers batting - Pitching for Miami Beach Marlins : RHP Willie Mojica
Now at 1B: Luis Ortegon
Now in CF: Takao Ogura
Batting: RHB Daniel Pena 0-0: Ground out 6-3 (Groundball, 6, EV 91.9 MPH)
Pinch Hitting: RHB Tristan Smeets 0-0: Ball
1-0: Ground out 5-3 (Groundball, 56, EV 87.5 MPH)
Batting: LHB Danny Roberts 0-0: Called Strike
0-1: Ball
1-1: Ball
2-1: Ball
3-1: Base on Balls
Batting: LHB Andy Buschlen 0-0: Ball
1-0: Called Strike
1-1: Ball
2-1: Foul Ball, location: 2F
2-2: Strikes out swinging
Top of the 9th over - 0 runs, 0 hits, 0 errors, 1 left on base; Madison 5 - Miami Beach 1
BOTTOM OF THE 9TH
Miami Beach Marlins batting - Pitching for Madison Brewers : RHP Pat Spry
Pitching: RHP Franklin Arroyo
Now at 3B: Dave Guevara
Batting: RHB Scott Talbot 0-0: Swinging Strike
0-1: Foul Ball, location: 2F
0-2: Foul Ball, location: 2F
0-2: Ball
1-2: Ball
2-2: Ground out 6-3 (Groundball, 6, EV 102.5 MPH)
Batting: SHB Emmet Brickowski 0-0: Called Strike
0-1: Ball
1-1: Ball
2-1: SINGLE (Groundball, 34D, EV 103.1 MPH)
Pinch Hitting: RHB Orlando Melendres 0-0: Ball
1-0: Ball
2-0: Called Strike
2-1: Foul Ball, location: 2F
2-2: Ball
3-2: SINGLE (Groundball, 34S, EV 98.1 MPH)
Emmet Brickowski to second
Emmet Brickowski to third
Pinch Hitting: RHB Mario Cota 0-0: SINGLE (Line Drive, 9S, EV 104.4 MPH)
Emmet Brickowski scores
Orlando Melendres to second
Batting: RHB Torquato Uso 0-0: Ball
1-0: Ball
2-0: Ball
3-0: Called Strike
3-1: Base on Balls
Orlando Melendres to third
Mario Cota to second
Pinch Hitting: SHB Brent King 0-0: Ball
1-0: Ball
2-0: Called Strike
2-1: Foul Ball, location: 2F
2-2: Strikes out looking
Batting: LHB Luis Ortegon 0-0: Ball
1-0: Swinging Strike
1-1: Foul Ball, location: 2F
1-2: Strikes out swinging
Bottom of the 9th over - 1 run, 3 hits, 0 errors, 3 left on base; Madison 5 - Miami Beach 2
Tuesday, March 28th , 2023 - OOTP Baseball 23.10 Build 110